 Dungeon Crawl Stone Soup version 0.31-a0-1082-g7d1fb776a8 (webtiles) character file.

Game seed: 8473260032159856666

256 Flugslaktarn the Changeling (level 6, -1/38 HPs)
             Began as an Octopode Shapeshifter on Nov 28, 2023.
             Slain by an orc
             ... wielding a +0 hand axe
              (5 damage)
             ... on level 3 of the Dungeon.
             The game lasted 00:00:53 (1363 turns).

Flugslaktarn the Changeling (Octopode Shapeshifter) Turns: 1363, Time: 00:00:53

Health: -1/38      AC:  1    Str: 13    XL:     6   Next: 16%
Magic:  6/6        EV: 12    Int: 13    God:
Gold:   69         SH:  6    Dex: 13    Spells: 5/5 levels left

rFire   . .          .
                       - Unarmed
rCold   . . .        k - +2 buckler
rNeg    + . .        (helmet currently unavailable)
rPois   .            (no amulet)
rElec   .            j - ring of positive energy
rCorr   .            (no ring)
SInv    .            (no ring)
Will    .....        (no ring)
Stlth   ++           (no ring)
HPRegen 0.26/turn    (no ring)
MPRegen 0.10/turn    (no ring)
                     (no ring)

%: no passive effects
@: beast-form
A: beast (slay +3), almost no armour, amphibious, 8 rings, camouflage 1,
gelatinous body 1, (nimble swimmer 1), tentacles
a: Begin Untransformation


You were on level 3 of the Dungeon.
You were a hulking beast.
You visited 1 branch of the dungeon, and saw 3 of its levels.

You collected 69 gold pieces.

Inventory:

Armour
 k - a +2 buckler (worn)
   (You found it on level 1 of the Dungeon)
Jewellery
 f - a +6 ring of intelligence
   (You found it on level 1 of the Dungeon)
 j - a ring of positive energy (left tentacle)
   (You found it on level 1 of the Dungeon)
Talismans
 b - a beast talisman
 c - a flux talisman
Scrolls
 e - a scroll of enchant armour {unknown}
 g - a scroll of teleportation {unknown}
 h - a scroll of noise {unknown}
 l - a scroll of silence {unknown}
 p - a scroll of fear {unknown}
Potions
 a - a potion of lignification
 d - 2 potions of heal wounds {unknown}
 i - 2 potions of resistance {unknown}
 m - a potion of degeneration {unknown}
 n - 2 potions of curing {unknown}
 o - a potion of invisibility {unknown}
 q - 2 potions of brilliance {unknown}


   Skills:
 - Level 1.0 Fighting
 - Level 2.0 Dodging
 - Level 3.0 Unarmed Combat
 + Level 6.2 Shapeshifting


You had 5 spell levels left.
You didn't know any spells.
Your spell library was empty.

Dungeon Overview and Level Annotations

Branches:
Dungeon (3/15)

Altars:


Innate Abilities, Weirdness & Mutations

You are a hulking beast.
Your limbs bulge with bestial killing power. (Slay +3)
You cannot wear most types of armour.
You are amphibious.
You can wear up to eight rings at the same time.
Your skin changes colour to match your surroundings (Stealth+).
Your rubbery body absorbs attacks. (AC +1, EV +1)
((You are camouflaged when in or above water. (Stealth+)))
You have tentacles for arms and can constrict up to eight enemies at once.


Message History

You kill the frilled lizard!
You now have 69 gold pieces (gained 7).
You see here a frilled lizard corpse.
Found a Young Poisoner's Handbook.
No target in view!
Found a spear.
No target in view!
You see here a +0 leather armour.
Done exploring.
Done exploring.
No target in view!
No target in view!
No target in view!
Done exploring.
Done exploring.
There is a stone staircase leading down here.
You climb downwards.
Found a fizzy dark potion.
There is a stone staircase leading up here.
Unknown command.
q - a fizzy dark potion
q - 2 fizzy dark potions (gained 1)
A bat comes into view.
A bat is nearby!
The bat hits you.
You barely miss the bat. Your grab misses the bat.
The bat hits you but does no damage. The bat closely misses you.
You block the bat's attack.
Sigmund the Dreaded comes into view.
He is wielding a +0 scythe.
You block the bat's attack.
You closely miss the bat. You grab the bat. Your squeeze misses the bat.
You constrict the bat. You block the bat's attack.
The bat struggles to escape constriction.
The bat escapes!
The bat barely misses you.
You bludgeon the bat!
You kill the bat!
Sigmund is nearby!
Sigmund shouts!
Sigmund barely misses you.
You bludgeon Sigmund! Your grab misses Sigmund.
Sigmund is moderately wounded.
You tentacle-slap Sigmund. Your grab misses Sigmund.
Your squeeze misses Sigmund.
Sigmund is heavily wounded.
Sigmund barely misses you.
You tentacle-slap Sigmund. Your grab misses Sigmund.
Sigmund is severely wounded.
Sigmund hits you with a +0 scythe.
You tentacle-slap Sigmund. Your grab misses Sigmund.
Sigmund is almost dead.
You tentacle-slap Sigmund.
You kill Sigmund!
Your Shapeshifting skill gained 2 levels and is now at level 6!
You have reached level 5!
You feel clever.
You have reached level 6!
HP restored.
You open the door.
There is an open door here.
Found a stone staircase leading down.
Ijyb the Twisted Goblin comes into view.
She is wielding a +0 dagger and carrying a wand of flame.
Ijyb is nearby!
Ijyb is nearby!
There is a stone staircase leading down here.
An orc comes into view. It is wielding a +0 hand axe.
Ijyb shouts!
Ijyb zaps a wand.
The puff of flame hits you!
Ijyb zaps a wand.
The puff of flame hits you.
Ijyb zaps a wand.
The puff of flame hits you!
You barely miss Ijyb.
The orc shouts!
Your grab misses Ijyb.
You hear a shout! x3
Ijyb hits you with a +0 dagger.
You tentacle-slap Ijyb. You grab Ijyb.
Ijyb is lightly wounded.
You constrict Ijyb, but do no damage.
You tentacle-slap Ijyb but do no damage.
You squeeze Ijyb.
Ijyb is moderately wounded.
You constrict Ijyb. You block Ijyb's attack.
Ijyb zaps a wand.
The puff of flame misses you.
You tentacle-slap Ijyb.
Ijyb is heavily wounded.
You constrict Ijyb.
Ijyb zaps a wand.
The puff of flame hits you!
* * * LOW HITPOINT WARNING * * *
You tentacle-slap Ijyb.
Your tentacle-slap misses Ijyb.
You squeeze Ijyb.
Ijyb is almost dead.
You constrict Ijyb. You block Ijyb's attack. The orc closely misses you.
You completely miss Ijyb. You squeeze Ijyb.
You kill Ijyb!
The orc hits you with a +0 hand axe.
* * * LOW HITPOINT WARNING * * *
Unknown command.
You tentacle-slap the orc. Your grab misses the orc.
The orc is moderately wounded.
The orc hits you with a +0 hand axe.
You die...

#. #.# #.# .# #.# #.# ##
... #.# ... #.########
#.# ###..).....# #.#
#...h......# ####.#
#...o......# ##.##.#
#..........#
###...#.#####..........#
............>..........+
###....#.#######.......#
##.##.## ###..####
#.#### #.# #.# ...


You could see an orc.

Vanquished Creatures
  Sigmund (D:3)
  Ijyb (D:3)
  2 adders (D:2)
  A worm (D:2)
  A dart slug (D:2)
  2 ball pythons
  2 endoplasms (D:1)
  2 giant cockroaches
  6 hobgoblins
  4 quokkas (D:1)
  5 bats
  8 frilled lizards
  3 goblins
  5 kobolds (D:1)
  3 rats (D:1)
46 creatures vanquished.

Notes
Turn   | Place    | Note
-------+----------+-------------------------------------------
     0 | D:1      | Flugslaktarn the Octopode Shapeshifter began the quest for
                  | the Orb.
     0 | D:1      | Reached XP level 1. HP: 13/13 MP: 1/1
   103 | D:1      | Reached XP level 2. HP: 17/18 MP: 2/2
   462 | D:1      | Reached XP level 3. HP: 18/23 MP: 3/3
   537 | D:1      | Reached skill level 4 in Shapeshifting
  1041 | D:2      | Reached XP level 4. HP: 28/28 MP: 4/4
  1321 | D:3      | Noticed Sigmund
  1332 | D:3      | Killed Sigmund
  1333 | D:3      | Reached skill level 6 in Shapeshifting
  1333 | D:3      | Reached XP level 5. HP: 32/33 MP: 5/5
  1333 | D:3      | Reached XP level 6. HP: 37/38 MP: 6/6
  1351 | D:3      | Noticed Ijyb
  1362 | D:3      | Killed Ijyb
  1363 | D:3      | Slain by an orc

Illustrated notes

Levels and vault maps discovered:
D:1:      saegor_arrival_simple_d, layout_basic, serial_bayou,
          serial_bayou_lagoon_a, serial_bayou_shore_a, serial_bayou_pond_e,
          serial_bayou_lagoon_b
D:2:      layout_rooms, grunt_ministairs_12
D:3:      layout_loops_corners, overflow_temple_1_default,
          mainiacjoe_overflow_surrounded_room, kennysheep_generic_room_13,
          uniq_ijyb, uniq_sigmund

Skill      XL: |  1  2  3  4 |
---------------+-------------+-----
Shapeshifting  | 4 6 |  6.2
Fighting       | |  1.0
Dodging        | |  2.0
Unarmed Combat | |  3.0

Action                     |  1- 3 |  4- 6 || total
---------------------------+-------+-------++-------
  Melee: Unarmed           |    68 |    36 ||   104
         Tentacles         |    21 |     6 ||    27
         Constrict         |    19 |     8 ||    27
         Punch             |       |     1 ||     1
   Stab: Sleeping          |     7 |     2 ||     9
 Armour: Skin              |    23 |    14 ||    37
  Dodge: Dodged            |    24 |    12 ||    36
  Block: Buckler           |     4 |    10 ||    14

Table legend: (Time is in decaauts)
 A = Elapsed time spent in this place.
 B = Non-inter-level travel time spent in this place.
 C = Inter-level travel time spent in this place.
 D = Time resting spent in this place.
 E = Time spent auto-exploring this place.
 F = Levels seen in this place.
 G = Mean time per level.
                   A        B        C        D        E       F      G
               +--------+--------+--------+--------+--------+-----+--------+
         Total |   1360 |   1336 |     24 |     24 |   1002 |   3 |  453.3 |
       Dungeon |   1360 |   1336 |     24 |     24 |   1002 |   3 |  453.3 |
               +--------+--------+--------+--------+--------+-----+--------+

Top non-repeatable levels by time:
     D:1: 865 daAuts
     D:2: 417 daAuts
     D:3: 77 daAuts
